 Dungeon Crawl Stone Soup version 0.30-a0-737-gf23d94013f (webtiles) character file.

Game seed: 6629832510246663774

457 sircluck the Chopper (level 7, -3/61 HPs)
             Began as a Hill Orc Fighter on Feb 1, 2023.
             Slain by an ogre
             ... wielding a +0 giant club
              (20 damage)
             ... on level 5 of the Dungeon.
             The game lasted 00:15:04 (5277 turns).

sircluck the Chopper (Hill Orc Fighter)             Turns: 5277, Time: 00:15:04

Health: -3/61      AC: 10    Str: 21    XL:     7   Next: 6%
Magic:  7/7        EV:  9    Int:  8    God:
Gold:   247        SH:  5    Dex: 16    Spells: 6/6 levels left

rFire   . . .      SeeInvis .    a - +0 war axe
rCold   . . .      Faith    .    c - +0 buckler
rNeg    . . .      Spirit   .    b - +0 scale mail
rPois   .          Reflect  .    E - +0 helmet
rElec   .          Harm     .    s - +1 cloak
rCorr   .          Rampage  .    (no gloves)
Will    .....                    (no boots) Stlth
                                 (no amulet)
HPRegen 0.30/turn                g - +6 ring of dexterity
MPRegen 0.10/turn                x - ring of flight

@: flying
A: no striking features
a: no special abilities


You were on level 5 of the Dungeon.
You visited 1 branch of the dungeon, and saw 5 of its levels.

You collected 247 gold pieces.

Inventory:

Hand Weapons
 a - a +0 war axe (weapon)
 z - a +1 sling of flaming
 A - a +2 dagger of venom
Missiles
 e - 41 stones (quivered)
Armour
 b - a +0 scale mail (worn)
 c - a +0 buckler (worn)
 s - a +1 cloak (worn)
 y - a +1 ring mail of fire resistance
 E - a +0 helmet (worn)
Jewellery
 g - a +6 ring of dexterity (left hand)
 j - a ring of see invisible
 t - a ring of willpower
 v - a ring of ice
 x - a ring of flight (right hand)
 B - a ring of poison resistance
 C - a +4 ring of protection
Wands
 D - a wand of roots (2)
Scrolls
 f - 2 scrolls of vulnerability {unknown}
 h - a scroll of teleportation {unknown}
 k - a scroll of enchant armour {unknown}
 l - 3 scrolls of identify {unknown}
 m - a scroll of amnesia {unknown}
 q - a scroll of brand weapon {unknown}
 u - a scroll of blinking {unknown}
 w - 2 scrolls of immolation {unknown}
Potions
 d - 3 potions of might
 i - 2 potions of flight {unknown}
 n - 2 potions of mutation {unknown}
 o - 3 potions of curing
 p - 2 potions of lignification {unknown}
 r - 2 potions of heal wounds {unknown}


   Skills:
 + Level 5.2 Fighting
 + Level 6.5 Axes
 + Level 0.1 Ranged Weapons
 + Level 5.0 Armour
 + Level 0.7 Dodging
 + Level 0.4 Stealth
 + Level 4.1 Shields


You had 6 spell levels left.
You didn't know any spells.
Your spell library contained the following spells:

 Spells                   Type           Power      Damage    Failure   Level
 Foxfire                  Conj/Fire      0%         2x1d4     83%         1
 Kiss of Death            Conj/Necr      0%         2d5       83%         1
 Confusing Touch          Hex            0%         N/A       99%         3
 Ignite Poison            Fire/Tmut/Pois 0%         N/A       99%         3
 Dispel Undead            Necr           0%         3d6       100%        4
 Sticky Flame             Conj/Fire      0%         2d3       100%        4
 Fireball                 Conj/Fire      0%         3d3       100%        5
 Starburst                Conj/Fire      0%         6d3       100%        6
 Ignition                 Fire           0%         3d3       100%        8


Dungeon Overview and Level Annotations

Branches:
Dungeon (5/15)
 Temple: D:4-7

Altars:
Makhleb
Nemelex Xobeh
Trog


Message History

The worm is moderately wounded.
The worm bites you but does no damage.
You slash the worm!
The worm is almost dead.
The worm closely misses you.
You barely miss the worm.
The worm is almost dead.
You completely miss the worm.
The worm is almost dead.
You block the worm's attack.
You slash the worm!
You kill the worm!
You see here a worm corpse.
Found 15 gold pieces.
There is a stone staircase leading down here.
Found a scale mail.
You now have 247 gold pieces (gained 15).
An ogre comes into view. It is wielding a +0 giant club.
Found a bloodstained altar of Trog.
The ogre shouts!
Found a mace.
The ogre hits you with a +0 giant club!
You hit the ogre.
The ogre is moderately wounded.
A jelly comes into view.
The ogre hits you with a +0 giant club!
You barely miss the ogre.
The ogre is moderately wounded.
The jelly quivers.
You closely miss the ogre.
The ogre is moderately wounded.
The ogre hits you with a +0 giant club!
* * * LOW HITPOINT WARNING * * *
You are too injured to fight recklessly!
You are too injured to fight recklessly!
You are too injured to fight recklessly!
You are too injured to fight recklessly!
You are too injured to fight recklessly!
The ogre attacks as you move away!
The ogre hits you with a +0 giant club!!
You die... ###.##.#....#### #......#....# # #.....[###### .) #......# ... #......# PP..

#......# P.P..
###......#
......#........#
.......@########
.####.O## .....
#._J.. #.....
....... ##.....
######


You could see an ogre and a jelly.

Vanquished Creatures
  A black bear (D:5)
  An ogre (D:5)
  A hound (D:5)
  Terence (D:3)
  Robin (D:4)
  6 gnolls
  4 adders
  An ufetubus (D:3)
  4 worms
  A dart slug (D:1)
  An orc (D:3)
  11 ball pythons
  4 bats
  5 endoplasms
  A giant cockroach (D:2)
  18 hobgoblins
  5 jackals
  2 quokkas
  4 frilled lizards
  19 goblins
  12 kobolds
  6 rats
  12 bushes (D:4)
121 creatures vanquished.

Vanquished Creatures (others)
  15 fungi (D:1)
  24 plants
39 creatures vanquished.

Grand Total: 160 creatures vanquished

Notes
Turn   | Place    | Note
-------+----------+-------------------------------------------
     0 | D:1      | sircluck the Hill Orc Fighter began the quest for the Orb.
     0 | D:1      | Reached XP level 1. HP: 19/19 MP: 1/1
   256 | D:1      | Reached XP level 2. HP: 18/27 MP: 2/2
   982 | D:1      | Reached skill level 3 in Axes
  1260 | D:2      | Reached XP level 3. HP: 31/33 MP: 3/3
  1775 | D:2      | Reached XP level 4. HP: 27/40 MP: 4/4
  1820 | D:2      | You fall into a shaft and drop 2 floors!
  2123 | D:4      | Found a sparkling altar of Nemelex Xobeh.
  2459 | D:3      | Noticed Terence
  2479 | D:3      | Killed Terence
  2480 | D:3      | Reached skill level 4 in Axes
  2480 | D:3      | Reached XP level 5. HP: 26/47 MP: 5/5
  4835 | D:4      | Noticed Robin
  4839 | D:4      | Reached XP level 6. HP: 42/53 MP: 6/6
  4845 | D:4      | Reached skill level 5 in Axes
  4846 | D:4      | Killed Robin
  5099 | D:5      | Entered Level 5 of the Dungeon
  5100 | D:5      | Found a burning altar of Makhleb.
  5184 | D:5      | Reached skill level 5 in Fighting
  5184 | D:5      | Reached skill level 6 in Axes
  5201 | D:5      | Noticed a black bear
  5216 | D:5      | Killed a black bear
  5217 | D:5      | Reached skill level 5 in Armour
  5217 | D:5      | Reached XP level 7. HP: 50/61 MP: 7/7
  5270 | D:5      | Found a bloodstained altar of Trog.
  5277 | D:5      | Slain by an ogre

Illustrated notes

Levels and vault maps discovered:
D:1:      minmay_arrival_four_houses, layout_basic, dreamdust_mushroom_princess,
          nrook_uturn
D:2:      wad_river_or_something, layout_basic
D:3:      layout_basic, hellmonk_ecumenical_altar_leap_of_faith, uniq_terence
D:4:      cheibrodos_greedy_goblins, layout_loops_ring,
          mainiacjoe_overflow_24_doors, serial_forest, infiniplex_forest_end_3,
          infiniplex_forest_clump_diagonal, infiniplex_forest_clump_large,
          infiniplex_forest_clump_small, infiniplex_forest_clump_C,
          infiniplex_forest_zigzag_1, infiniplex_forest_straight_2,
          infiniplex_forest_lined_2, uniq_robin
D:5:      minmay_evil_eye, layout_rooms, lemuel_round_altar,
          mainiacjoe_overflow_chevrons, serial_shops, nicolae_stop_n_shop_2

Skill      XL: |  1  2  3  4  5  6 |
---------------+-------------------+-----
Fighting       | 4 5 |  5.2
Axes           | 3 4 6 |  6.5
Armour         | 4 5 |  5.0
Shields        | 4 |  4.1
Ranged Weapons | |  0.1
Dodging        | |  0.7
Stealth        | |  0.4

Action                     |  1- 3 |  4- 6 |  7- 9 || total
---------------------------+-------+-------+-------++-------
  Melee: War axe           |    81 |   698 |     8 ||   787
   Fire: Sling             |       |    13 |       ||    13
  Throw: Stone             |       |     1 |       ||     1
    Use: Potion            |     3 |       |       ||     3
 Armour: Scale mail        |    40 |   135 |     1 ||   176
  Dodge: Dodged            |    35 |   138 |     1 ||   174
  Block: Buckler           |    30 |    82 |     1 ||   113

Table legend: (Time is in decaauts)
 A = Elapsed time spent in this place.
 B = Non-inter-level travel time spent in this place.
 C = Inter-level travel time spent in this place.
 D = Time resting spent in this place.
 E = Time spent auto-exploring this place.
 F = Levels seen in this place.
 G = Mean time per level.
                   A        B        C        D        E       F      G
               +--------+--------+--------+--------+--------+-----+--------+
         Total |   5544 |   5296 |    248 |    308 |   1507 |   5 | 1108.8 |
       Dungeon |   5544 |   5296 |    248 |    308 |   1507 |   5 | 1108.8 |
               +--------+--------+--------+--------+--------+-----+--------+

Top non-repeatable levels by time:
     D:4: 1741 daAuts
     D:2: 1438 daAuts
     D:1: 1225 daAuts
     D:3: 953 daAuts
     D:5: 184 daAuts
